 Dungeon Crawl Stone Soup version 0.19-a0-1498-g0b85ae9 (webtiles) character file.

5529 rlgrobin the Archer (level 10, -2/61 HPs)
             Began as a High Elf Chaos Knight on Sept 11, 2016.
             Slain by a worker ant (4 damage)
             ... on level 9 of the Dungeon.
             The game lasted 00:19:06 (10391 turns).

rlgrobin the Archer (High Elf Chaos Knight)        Turns: 10391, Time: 00:19:06

Health: -2/61      AC:  8    Str: 20    XL:     10   Next: 43%
Magic:  13/13      EV: 14    Int: 17    God:    Xom [*.....]
Gold:   442        SH:  4    Dex: 15    Spells: 0 memorised, 9 levels left

rFire  . . .     SeeInvis .     a - +0 long sword
rCold  . . .     Gourm    .     r - +2 leather armour
rNeg   . . .     Faith    .     (no shield)
rPois  .         Spirit   .     (helmet restricted)
rElec  .         Dismiss  .     v - +0 cloak
rCorr  .         Reflect  .     (no gloves)
MR     +....     Harm     .     (no boots)
Stlth  ++........ Clarity  +    d - amulet of rage
                                x - +6 ring of strength
                                K - ring of stealth

@: lethally poisoned (-2 -> -23), exhausted, slowed, very slow
A: horns 1, large bone plates 1, slimy green scales 1, clarity, frail 1
a: Renounce Religion, Evoke Berserk Rage


You were on level 9 of the Dungeon.
You worshipped Xom.
You were a special plaything of Xom.
You were not hungry.

You visited 1 branch of the dungeon, and saw 9 of its levels.

You collected 574 gold pieces.
You spent 132 gold pieces at shops.

Inventory:

Hand Weapons
 a - a +0 long sword (weapon)
 b - a +0 shortbow
 A - a +0 falchion of chaos
 N - the +5 dagger "Hydraslayer" {freeze, rElec rC+ Int+4}
   (You found it on level 9 of the Dungeon)

   It has been specially enchanted to freeze those struck by it, causing extra
   injury to most foes and up to half again as much damage against particularly
   susceptible opponents.
   It can also slow down cold-blooded creatures.
   It affects your intelligence (+4).
   It protects you from cold.
   It insulates you from electricity.
 P - a +0 blowgun
Missiles
 i - 152 arrows
 Q - 12 poisoned needles
Armour
 g - a +1 helmet
 r - a +2 leather armour (worn)
 v - a +0 cloak (worn)
Jewellery
 d - an amulet of rage (around neck)
 t - a +3 ring of intelligence
 x - a +6 ring of strength (right hand)
 D - an uncursed amulet of the gourmand
 K - a ring of stealth (left hand)
Wands
 n - a wand of polymorph (14/24)
 u - a wand of iceblast (11/15)
 E - a wand of flame (23/48)
 I - a wand of acid (8/15)
Scrolls
 j - 3 scrolls of noise
 k - 2 scrolls of remove curse
 l - 3 scrolls of teleportation
 s - 3 scrolls of immolation
 y - a scroll of fear
 B - 2 scrolls of vulnerability
 C - 2 scrolls of identify
 J - a scroll of enchant weapon {unknown}
Potions
 f - a potion of cure mutation
 h - a potion of flight
 q - 4 potions of curing
 z - a potion of brilliance
 L - a potion of heal wounds
 M - a potion of ambrosia {unknown}
 R - a potion of magic {unknown}
 S - a potion of might {unknown}
Books
 e - a book of the Warp

   Spells                             Type                      Level
   a - Gell's Gravitas                Hexes/Translocation          3
   b - Force Lance                    Conjuration/Translocation    4
   c - Summon Forest                  Summoning/Translocation      5
   d - Dispersal                      Translocation                6
   e - Controlled Blink               Translocation                8
   f - Disjunction                    Translocation                8
 m - a book of Changes

   Spells                             Type                      Level
   a - Beastly Appendage              Transmutation                1
   b - Sticks to Snakes               Transmutation                2
   c - Spider Form                    Transmutation/Poison         3
   d - Ice Form                       Ice/Transmutation            4
   e - Blade Hands                    Transmutation                5
Miscellaneous
 H - a phantom mirror {god gift}
Comestibles
 c - 4 bread rations
 o - 2 beef jerkies
 p - 3 meat rations
 w - 5 fruits
 F - a royal jelly
 G - 8 slices of pizza


   Skills:
 + Level 5.8 Fighting
 + Level 9.3 Long Blades
 - Level 14.5 Bows
 - Level 0.8 Armour
 - Level 4.5 Dodging
 - Level 3.6 Evocations


You had 9 spell levels left.
You didn't know any spells.

Dungeon Overview and Level Annotations

Branches:
Dungeon (9/15)             Temple (0/1) D:4
   Lair: D:8-11         Orc: D:9-12

Altars:
Ru
Xom
The Shining One

Shops:
D:4 :   D:5 *


Innate Abilities, Weirdness & Mutations

You have a pair of small horns on your head.
You are partially covered in large bone plates. (SH +4)
You are partially covered in slimy green scales. (AC +2)
You possess an exceptional clarity of mind.
You are frail. (-10% HP)


Message History

You feel sick.
You are no longer berserk.
You are exhausted.
You feel yourself slow down.
* * * LOW HITPOINT WARNING * * *
You feel sick.
You hit the worker ant but do no damage.
You headbutt the worker ant.
The worker ant is lightly wounded.
* * * LOW HITPOINT WARNING * * *
You feel sick. You block the worker ant's attack. The worker ant bites you.
* * * LOW HITPOINT WARNING * * *
You barely miss the worker ant.
The worker ant is lightly wounded.
* * * LOW HITPOINT WARNING * * *
You feel sick. The worker ant bites you.
* * * LOW HITPOINT WARNING * * *
You are more poisoned.
The worker ant poisons you! The worker ant bites you.
You die...

......# #..# #....... ......#
#..#######....... ......#
#................ ......#######
#................ ...<........#
#....(........... .......((...#
#................ ###.[.......#
#.######..####...
#...v(...(#####(######..# #...
#...((....((.a@((((.....# #...
###....(>............((...####...
..........>########..............
)........).# #..............
###.######.# #.............. #.#
#.# #.............. ###.# #.#
#.....<........
....######.########..............
####.............................


You could see a worker ant.

Vanquished Creatures
  The ghost of rlgrobin the Carver, a novice HECK of Xom (D:7)
  The ghost of rlgrobin the Slasher, a novice HECK of Xom (D:6)
  Sigmund (D:2)
  A human (D:8)
  A yak (D:8)
  3 hogs (D:8)
  3 hippogriffs
  2 ice beasts
  2 sky beasts
  A necrophage (D:7)
  A phantom (D:8)
  7 ogres
  3 centaurs
  A big kobold (D:9)
  A gnoll sergeant (D:8)
  A giant frog (D:6)
  2 scorpions
  3 wights
  10 killer bees
  5 howler monkeys
  3 crimson imps
  2 centaur zombies
  2 jellies (D:5)
  4 orc wizards
  4 orc priests
  A giant frog skeleton (D:6)
  4 hounds
  2 centaur skeletons
  2 iguanas
  10 worker ants
  4 gnolls (D:8)
  A howler monkey skeleton (D:6)
  12 adders
  3 shadow imps
  3 adder skeletons (D:5)
  2 worms
  A giant gecko (D:4)
  19 orcs
  6 giant cockroaches
  5 goblins
  5 hobgoblins
  10 jackals
  11 kobolds
  4 quokkas
  8 bats
  A giant gecko skeleton (D:5)
  A giant gecko zombie (D:5)
  5 giant newts
  5 rats
190 creatures vanquished.

Vanquished Creatures (collateral kills)
  A giant frog (D:6)
  A howler monkey (D:7)
  An orc wizard (D:5)
  3 orcs (D:5)
6 creatures vanquished.

Grand Total: 196 creatures vanquished

Notes
Turn   | Place    | Note
-------+----------+-------------------------------------------
     0 | D:1      | rlgrobin the High Elf Chaos Knight began the quest for the Orb.
     0 | D:1      | Reached XP level 1. HP: 16/16 MP: 2/2
   202 | D:1      | Reached XP level 2. HP: 21/21 MP: 3/3
   291 | D:1      | XOM: potion effect (agility)
   497 | D:1      | XOM: divination: detect creatures
   651 | D:2      | XOM: cast spell 'Summon Butterflies'
   681 | D:2      | XOM: harmless Air miscast
   788 | D:2      | Reached skill level 5 in Long Blades
   795 | D:2      | Reached XP level 3. HP: 17/26 MP: 4/4
  1027 | D:2      | Noticed Sigmund
  1040 | D:2      | Killed Sigmund
  1040 | D:2      | Reached XP level 4. HP: 31/31 MP: 5/5
  1040 | D:2      | Reached XP level 5. HP: 36/36 MP: 6/6
  1288 | D:3      | Reached XP level 6. HP: 37/42 MP: 7/7
  1297 | D:3      | XOM: smoke on damage
  1299 | D:3      | Gained mutation: You have a pair of small antennae on your head. [potion of mutation]
  1299 | D:3      | Gained mutation: Your movements are slightly less encumbered by armour. (ER -2) [potion of mutation]
  1299 | D:3      | Gained mutation: You are clumsy. (Dex -2) [potion of mutation]
  1404 | D:3      | XOM: divination: detect creatures
  1841 | D:3      | XOM: medium Ice miscast
  2011 | D:3      | XOM: harmless Pois miscast
  2023 | D:3      | Gained mutation: You are resistant to hostile enchantments. (MR+) [potion of mutation]
  2023 | D:3      | Gained mutation: You are robust. (+10% HP) [potion of mutation]
  2383 | D:4      | Found Lineh's Book Shop.
  2481 | D:4      | XOM: divination: detect items
  2545 | D:4      | Reached skill level 1 in Evocations
  2795 | D:4      | XOM: medium Ice miscast
  2831 | D:4      | XOM: give mutation
  2831 | D:4      | Lost mutation: You are resistant to hostile enchantments. (MR+) [Xom's mischief]
  2865 | D:4      | XOM: mild Tmut miscast
  2912 | D:4      | XOM: harmless Divn miscast
  3156 | D:4      | Found a staircase to the Ecumenical Temple.
  3256 | D:5      | Entered Level 5 of the Dungeon
  3256 | D:5      | Found Kuem's General Store.
  3260 | D:5      | Bought a +0 long sword for 42 gold pieces
  3260 | D:5      | Bought a +0 cloak for 54 gold pieces
  3260 | D:5      | Bought a scroll of identify for 24 gold pieces
  3260 | D:5      | Bought a potion of degeneration for 12 gold pieces
  3269 | D:5      | Lost mutation: You have a pair of small antennae on your head. [potion of cure mutation]
  3269 | D:5      | Lost mutation: You are clumsy. (Dex -2) [potion of cure mutation]
  3269 | D:5      | Lost mutation: Your movements are slightly less encumbered by armour. (ER -2) [potion of cure mutation]
  3269 | D:5      | Lost mutation: You are robust. (+10% HP) [potion of cure mutation]
  3317 | D:5      | Found a sacrificial altar of Ru.
  3346 | D:5      | HP: 2/63 [acid (10)]
  3347 | D:5      | Reached XP level 7. HP: 3/46 MP: 9/9
  3612 | D:5      | XOM: summons 2 hostile shadow creatures
  4000 | D:5      | XOM: give mutations
  4000 | D:5      | Gained mutation: You have a pair of small horns on your head. [Xom's mischief]
  4000 | D:5      | Gained mutation: You are weak. (Str -2) [Xom's mischief]
  4000 | D:5      | Gained mutation: You are surrounded by a mild repulsion field. (EV +2) [Xom's mischief]
  4112 | D:5      | XOM: mild Ice miscast
  4177 | D:5      | XOM: summons 5 friendly demons
  4238 | D:5      | HP: 2/49 [poisoned by an orc]
  4244 | D:5      | HP: 2/49 [poisoned by an orc]
  4569 | D:5      | XOM: harmless Tmut miscast
  4615 | D:5      | XOM: 6-stop teleportation journey
  4736 | D:5      | XOM: harmless Tloc miscast
  4772 | D:5      | XOM: mild Pois miscast
  4776 | D:5      | XOM: chaos upgrade
  4779 | D:5      | Reached XP level 8. HP: 36/54 MP: 11/11
  5011 | D:5      | Reached skill level 1 in Bows
  5016 | D:5      | XOM: give mutations
  5016 | D:5      | Lost mutation: You are surrounded by a mild repulsion field. (EV +2) [Xom's mischief]
  5016 | D:5      | Lost mutation: You are weak. (Str -2) [Xom's mischief]
  5016 | D:5      | Gained mutation: You are frail. (-10% HP) [Xom's mischief]
  5097 | D:6      | Reached skill level 3 in Bows
  5263 | D:6      | Reached skill level 4 in Bows
  5280 | D:6      | XOM: swap monsters
  5330 | D:6      | Noticed rlgrobin's ghost (novice HECK)
  5559 | D:6      | XOM: scenery: create altars
  5599 | D:6      | Killed rlgrobin's ghost
  5599 | D:6      | Reached skill level 6 in Bows
  5599 | D:6      | XOM: summons 8 friendly demons
  5605 | D:6      | Reached skill level 7 in Bows
  5743 | D:6      | XOM: cleaving
  5950 | D:6      | Reached skill level 8 in Bows
  5981 | D:6      | XOM: harmless Divn miscast
  6329 | D:6      | XOM is BORED!
  6329 | D:6      | XOM: noise
  6420 | D:6      | XOM: god gift: 40 gold pieces {god gift}
  6489 | D:6      | XOM: mild Air miscast
  6535 | D:6      | XOM: god gift: 16 stones {god gift}
  6680 | D:7      | Reached skill level 9 in Bows
  6680 | D:7      | Reached XP level 9. HP: 54/54 MP: 12/12
  6711 | D:7      | XOM: summons 5 friendly demons
  6754 | D:7      | Found a glowing golden altar of the Shining One.
  6932 | D:7      | Noticed rlgrobin's ghost (novice HECK)
  6941 | D:7      | Killed rlgrobin's ghost
  6941 | D:7      | Reached skill level 10 in Bows
  6951 | D:7      | Reached skill level 11 in Bows
  7118 | D:7      | XOM: cast spell 'Hydra Form'
  7527 | D:7      | XOM: potion effect (berserk rage)
  7688 | D:7      | Reached skill level 12 in Bows
  7741 | D:7      | XOM: potion effect (invisibility)
  7855 | D:7      | XOM is BORED!
  7855 | D:7      | XOM: silly message
  8029 | D:8      | Reached skill level 13 in Bows
  8079 | D:8      | XOM: confuse monster(s)
  8374 | D:8      | Reached XP level 10. HP: 48/58 MP: 13/13
  8639 | D:8      | XOM: god gift: phantom mirror {god gift}
  8680 | D:7      | Gained mutation: You are partially covered in large bone plates. (SH +4) [potion of mutation]
  8680 | D:7      | Gained mutation: You possess an exceptional clarity of mind. [potion of mutation]
  8680 | D:7      | Gained mutation: You are partially covered in slimy green scales. (AC +2) [potion of mutation]
  8854 | D:8      | XOM: harmless Erth miscast
  8873 | D:8      | XOM: god gift: scroll of vulnerability {god gift}
  9033 | D:8      | XOM: summons 2 friendly demons
  9055 | D:8      | Reached skill level 14 in Bows
  9057 | D:8      | XOM: enchant monster (bad)
  9072 | D:8      | HP: 2/58 [something (11)]
  9229 | D:8      | XOM: summons 5 hostile demons
  9621 | D:9      | Reached skill level 5 in Fighting
  9634 | D:9      | XOM: mild Chrm miscast
  9661 | D:9      | XOM: mild Chrm miscast
  9669 | D:9      | XOM: medium Summ miscast
  9862 | D:9      | Got a scorched dagger
  9863 | D:9      | Identified the +5 dagger "Hydraslayer" {freeze, rElec rC+ Int+4} (You found it on level 9 of the Dungeon)
  9884 | D:9      | XOM: summons 5 hostile demons
 10382 | D:9      | XOM: harmless Tmut miscast
 10391 | D:9      | HP: 2/61 [worker ant (4)]
 10391 | D:9      | Slain by a worker ant

Vault maps used:
D:1:      scummos_arrival_forest, minmay_cupped
D:2:      uniq_sigmund
D:4:      serial_shops, shop_fountains
D:5:      first_bread, serial_shops, shop, grunt_ministairs_14,
          nicolae_ru_sacrificial_ziggurat
D:6:      abandoned_shop
D:7:      basic_altar
D:8:      minmay_liquid_box, grunt_livestock, kennysheep_nub

Skill      XL: |  1  2  3  4  5  6  7  8  9 10 |
---------------+-------------------------------+-----
Long Blades    | 4 5 7 8 9 |  9.3
Evocations     | 1 3 |  3.6
Dodging        | 4 |  4.5
Fighting       | 4 5 |  5.8
Bows           | 9 13 14 | 14.5
Armour         | |  0.8

Action                   |  1- 3 |  4- 6 |  7- 9 | 10-12 || total
-------------------------+-------+-------+-------+-------++-------
Melee: Falchion          |    94 |   171 |    22 |       ||   287
       Long sword        |       |       |   271 |    81 ||   352
       Headbutt          |       |       |    37 |    17 ||    54
       Unarmed           |       |       |     4 |       ||     4
 Fire: Shortbow          |       |       |   170 |   162 ||   332
 Abil: Evoke Berserk Rag |     2 |     3 |     5 |     2 ||    12
  Use: Scroll            |       |     8 |     3 |     1 ||    12
       Potion            |       |     3 |       |     2 ||     5
 Stab: Sleeping          |     1 |     2 |       |       ||     3
       Confused          |       |     1 |       |       ||     1
  Eat: Chunk             |     1 |     8 |     8 |     9 ||    26
       Royal jelly       |       |     1 |       |       ||     1
       Fruit             |       |       |     4 |       ||     4
       Bread ration      |       |       |     2 |       ||     2
       Beef jerky        |       |       |     1 |       ||     1
Armor: Leather armour    |    45 |    38 |    59 |    25 ||   167
       Skin              |       |       |     1 |       ||     1
Dodge: Dodged            |    51 |    72 |   176 |    52 ||   351
Block: Other             |       |       |       |    14 ||    14
